 Dungeon Crawl Stone Soup version 0.20.1-1-g8b1a95d (webtiles) character file.

35 Kingsmith the Shield-Bearer (level 3, -3/23 HPs)
             Began as a Gargoyle Fighter on Dec 8, 2017.
             Killed by divine providence
             ... invoked by an orc priest
              (13 damage)
             ... on level 2 of the Dungeon.
             The game lasted 00:00:59 (936 turns).

Kingsmith the Shield-Bearer (Gargoyle Fighter)       Turns: 936, Time: 00:01:00

Health: -3/23      AC: 10    Str: 20    XL:     3   Next: 35%
Magic:  3/3        EV:  7    Int:  8    God:
Gold:   105        SH:  9    Dex:  9    Spells: 2/2 levels left

rFire    . . .     SeeInvis .   a - +0 long sword
rCold    . . .     Gourm    .   c - +0 shield
rNeg     + . .     Faith    .   b - +0 scale mail
rPois    ∞         Spirit   .   (no helmet)
rElec    +         Reflect  .   (no cloak)
rCorr    .         Harm     .   (no gloves)
MR       .....                  (no boots)
Stlth    ..........             (no amulet)
Regen    0.1/turn               (no ring)
MPRegen  0.1/turn               (no ring)

@: no status effects
A: negative energy resistance 1, electricity resistance, unbreathing,
petrification resistance, rot immunity, AC +3
a: no special abilities


You were on level 2 of the Dungeon.
You were not hungry.

You visited 1 branch of the dungeon, and saw 2 of its levels.

You collected 105 gold pieces.

Inventory:

Hand Weapons
 a - a +0 long sword (weapon)
Armour
 b - a +0 scale mail (worn)
 c - a +0 shield (worn)
 k - a cursed +0 scale mail
Jewellery
 e - an uncursed ring of protection from cold {unknown}
Scrolls
 h - 2 scrolls of magic mapping {unknown}
 j - 3 scrolls of identify {unknown}
 n - a scroll of recharging {unknown}
 p - a scroll of remove curse {unknown}
Potions
 d - a potion of might
 m - a potion of brilliance {unknown}
 o - a potion of magic {unknown}
Comestibles
 f - a bread ration
 g - a meat ration
 i - a royal jelly
 l - 2 fruits


   Skills:
 - Level 3.2 Fighting
 - Level 1.7 Long Blades
 - Level 3.2 Armour
 + Level 4.7 Shields


You had 2 spell levels left.
You didn't know any spells.

Dungeon Overview and Level Annotations

Branches:
Dungeon (2/15)

Altars:
Makhleb


Innate Abilities, Weirdness & Mutations

You are resistant to torment.
Your stone body is resilient. (AC +3)
You are immune to poison.
You resist negative energy. (rN+)
You are resistant to electric shocks. (rElec)
You can survive without breathing.
You are immune to petrification.
You are immune to rotting.


Message History

2 orcs and 2 orc priests come into view.
The orc shouts!
The orc priest shouts!
The orc shouts!
The orc priest shouts!
The orc shouts!
The orc priest mumbles some strange prayers to Beogh against you.
Beogh smites you!
Ouch! That really hurt!
An orc comes into view. It is wielding a dagger.
You are too injured to fight recklessly!
You are too injured to fight recklessly!
You are too injured to fight recklessly!
You are too injured to fight recklessly!
You hit the orc but do no damage. The orc hits you but does no damage.
You hit the orc.
The orc is heavily wounded.
You block the orc's attack. The orc closely misses you.
The orc barely misses you.
The orc priest mumbles some strange prayers to Beogh against you.
Beogh smites you!
Ouch! That really hurt!
You die...

.....................#
........####.###.####.#
........####.# #.#
#............# #..#
#####...###### #.#. #...#
##.## #...# #.#
#...#########.#
#####...........@o######.
........#########oo......
.......###.....o.o.#.....
.......# .....oo.o...##..
#####..# ....o.o.....# #
#..#⌠.o..o......## #
#..#$...........# #
#..##............ #
#..###............


You could see an orc priest and 4 orcs.

Vanquished Creatures
  An adder (D:2)
  2 dart slugs
  A leopard gecko (D:2)
  2 giant cockroaches
  3 goblins (D:1)
  2 hobgoblins (D:1)
  A ball python (D:1)
  3 bats (D:1)
  2 frilled lizards (D:2)
  2 kobolds
  2 rats
21 creatures vanquished.

Notes
Turn   | Place    | Note
-------+----------+-------------------------------------------
     0 | D:1      | Kingsmith the Gargoyle Fighter began the quest for the Orb.
     0 | D:1      | Reached XP level 1. HP: 14/14 MP: 1/1
   258 | D:1      | Reached XP level 2. HP: 14/19 MP: 2/2
   293 | D:1      | Reached skill level 4 in Shields
   730 | D:2      | Found a burning altar of Makhleb.
   805 | D:2      | Reached XP level 3. HP: 19/23 MP: 3/3
   936 | D:2      | Killed from afar by an orc priest

Skill      XL: |  1  2 |
---------------+-------+-----
Shields        | 4 |  4.7
Fighting       | |  3.2
Long Blades    | |  1.7
Armour         | |  3.2

Action                   || total
-------------------------++-------
Melee: Long sword        ||    75
Armor: Scale mail        ||    37
Dodge: Dodged            ||    24
Block: Shield            ||    38
       Rpst.: Long sword ||     9
